 Dungeon Crawl Stone Soup version 0.31.0-11-ge490571c62 (webtiles) character file.

Game seed: 9901035495311245468

54 qw the Shooter (level 3, -1/20 HPs)
             Began as a Deep Elf Hunter on Feb 4, 2024.
             Slain by a goblin
             ... wielding a +0 dagger
             ... led by Robin
              (3 damage)
             ... on level 2 of the Dungeon.
             The game lasted 00:00:03 (1120 turns).

qw the Shooter (Deep Elf Hunter)                    Turns: 1120, Time: 00:00:04

Health: -1/20      AC:  5    Str: 10    XL:     3   Next: 66%
Magic:  5/5        EV: 11    Int: 13    God:
Gold:   91         SH:  0    Dex: 18    Spells: 2/2 levels left

rFire   . . .        a - +0 shortbow
rCold   . . .        (shield currently unavailable)
rNeg    . . .        f - +0 ring mail
rPois   .            (no helmet)
rElec   .            (no cloak)
rCorr   .            (no gloves)
SInv    .            (no boots)
Will    .....        (no amulet)
Stlth   +            (no ring)
HPRegen 0.23/turn    (no ring)
MPRegen 0.09/turn

%: no passive effects
@: no status effects
A: no striking features
a: no special abilities


You were on level 2 of the Dungeon.
You visited 1 branch of the dungeon, and saw 2 of its levels.

You collected 91 gold pieces.


   Skills:
 - Level 1.5 Fighting
 + Level 7.2 Ranged Weapons
 - Level 2.4 Dodging
 - Level 1.2 Stealth


You had 2 spell levels left.
You didn't know any spells.
Your spell library was empty.

Inventory:

Hand Weapons
 a - a +0 shortbow (weapon)
Armour
 f - a +0 ring mail (worn)
Potions
 d - a potion of curing

Dungeon Overview and Level Annotations

Branches:
Dungeon (2/15)

Altars:

Annotations:
D:2 Robin


Message History

You feel sick.
You shoot an arrow. The arrow closely misses the hobgoblin.
The arrow barely misses the goblin.
The arrow hits the hobgoblin.
You kill the hobgoblin!
You feel sick.
The hobgoblin hits you but does no damage.
You shoot an arrow. The arrow hits the hobgoblin.
The hobgoblin is heavily wounded.
You feel sick.
You shoot an arrow. The arrow hits the hobgoblin!
You kill the hobgoblin!
You feel sick. The goblin barely misses you.
You shoot an arrow. The arrow closely misses the goblin.
The arrow hits the goblin!
You kill the goblin!
You feel sick.
You are no longer poisoned.
The goblin hits you but does no damage.
You shoot an arrow. The arrow hits Robin.
Robin is lightly wounded.
The goblin no longer looks unusually strong.
The goblin closely misses you. Robin closely misses you.
You shoot an arrow. The arrow barely misses Robin.
The arrow hits the goblin!
You kill the goblin!
The goblin hits you with a +0 dagger. Robin throws the goblin at you!
You shoot an arrow. The arrow hits Robin.
Robin is moderately wounded.
The goblin hits you but does no damage. Robin hits you but does no damage.
You shoot an arrow. The arrow barely misses Robin.
Robin hits you but does no damage. The goblin hits you but does no damage.
You shoot an arrow. The arrow barely misses Robin.
Robin barely misses you.
The goblin hits you but does no damage. x2
Robin misses you.
You shoot an arrow. The arrow closely misses Robin.
The goblin completely misses you. Robin hits you with a +0 dagger.
You shoot an arrow.
The arrow hits Robin but does no damage.
Robin is moderately wounded.
The goblin hits you with a +0 dagger.
You die...

#### #....
#?....#########
+....)g@g......
#.....#)######.
#.... #.# #..)
#.# #.. #.# #.
#.# # ##+## #
#.# # #...# #.#
# #...# #.#


You could see Robin and a goblin.

Vanquished Creatures
  A dart slug (D:1)
  6 endoplasms
  3 giant cockroaches (D:1)
  14 goblins
  5 hobgoblins
  4 quokkas
  3 ball pythons
  2 bats (D:1)
  2 frilled lizards (D:1)
  3 kobolds
  2 rats (D:1)
45 creatures vanquished.

Notes
Turn   | Place    | Note
-------+----------+-------------------------------------------
     0 | D:1      | qw the Deep Elf Hunter began the quest for the Orb.
     0 | D:1      | Reached XP level 1. HP: 12/12 MP: 3/3
     0 | D:1      | 0 ||| qw: Version: 0.3-a-160-g6735b56
     0 | D:1      | 0 ||| qw: Game counter: 4355
     0 | D:1      | 0 ||| qw: Melee chars always use a shield: true
     0 | D:1      | 0 ||| qw: God list: Okawaru
     0 | D:1      | 0 ||| qw: Allow faded altars: false
     0 | D:1      | 0 ||| qw: Do Orc after clearing Dungeon:15 true
     0 | D:1      | 0 ||| qw: Do second Lair branch before Depths: true
     0 | D:1      | 0 ||| qw: Lair rune preference: random
     0 | D:1      | 0 ||| qw: Goals: Normal
     0 | D:1      | 0 ||| PLANNING D:1-11
    26 | D:1      | Found a faded altar of an unknown god.
   227 | D:1      | Reached skill level 6 in Ranged Weapons
   227 | D:1      | Reached XP level 2. HP: 16/16 MP: 4/4
   644 | D:1      | Reached XP level 3. HP: 20/20 MP: 5/5
   929 | D:1      | 929 ||| UPGRADING to +0 ring mail.
   939 | D:1      | 939 ||| DROPPING +0 leather armour.
   940 | D:1      | 940 ||| READING scroll labelled OREOTU SEALIC.
   941 | D:1      | 941 ||| READING scroll labelled ATSEBR WARYCE.
   944 | D:1      | 944 ||| DRINKING 2 white potions.
   945 | D:1      | 945 ||| DRINKING 2 coppery potions.
   962 | D:1      | 962 ||| DROPPING scroll of butterflies.
   963 | D:1      | 963 ||| DROPPING potion of lignification.
  1096 | D:2      | Noticed Robin
  1101 | D:2      | Reached skill level 7 in Ranged Weapons
  1113 | D:2      | HP: 4/20 [poisoned by a goblin]
  1119 | D:2      | HP: 2/20 [Robin/+0 dagger (2)]
  1120 | D:2      | Slain by a goblin

Levels and vault maps discovered:
D:1:      lemuel_arrival_cross, layout_basic,
          shapermc_ecumenical_altar_acropolis, minivault_14, st_stairs_4
D:2:      layout_basic, uniq_robin

Skill      XL: |  1  2  3 |
---------------+----------+-----
Ranged Weapons | 6 7 |  7.2
Fighting       | |  1.5
Dodging        | |  2.4
Stealth        | |  1.2

Action                     || total
---------------------------++-------
   Fire: Shortbow          ||   115
    Use: Scroll            ||     2
         Potion            ||     2
 Armour: Leather armour    ||    27
         Ring mail         ||    21
  Dodge: Dodged            ||    24

Table legend:
 A = Non-vault XP
 B = Vault XP
 C = Vault XP percentage of total XP
 D = Non-vault monster count
 E = Vault monster count
 F = Vault count percentage of total count
                 A         B        C        D         E       F
            +---------+---------+-------+---------+---------+-------
      Total |      55 |      23 |  29.5 |      31 |      14 |  31.1
            +---------+---------+-------+---------+---------+-------
        D:1 |      40 |       5 |  11.1 |      23 |       3 |  11.5
        D:2 |      15 |      18 |  54.5 |       8 |      11 |  57.9
            +---------+---------+-------+---------+---------+-------
